 Dungeon Sprint DCSS version 0.29-a0-221-gceb61267dd (webtiles) character file.

Game seed: 9741756137994172082

9163 mhtbhm the Bludgeoner (level 11, 0/83 HPs)
             Began as a Gargoyle Berserker on Feb 26, 2022.
             Was the Champion of Trog.
             Slain by an eight-headed hydra (5 damage)
             ... in the Dungeon (Sprint III: "The Ten Rune Challenge").
             The game lasted 00:07:23 (3384 turns).

mhtbhm the Bludgeoner (Gargoyle Berserker)          Turns: 3384, Time: 00:07:24

Health: 0/83       AC: 20    Str: 25    XL:     11   Next: 42%
Magic:  11/11      EV: 11    Int:  8    God:    Trog [******]
Gold:   3095       SH:  0    Dex:  9    Spells: 10/10 levels left

rFire   . . .      SeeInvis .   a - +3 dire flail of Trog {vorpal, rN+}
rCold   . . .      Faith    .   (shield currently unavailable)
rNeg    + + .      Spirit   .   b - +0 chain mail
rPois   ∞          Reflect  .   (no helmet)
rElec   +          Harm     .   (no cloak)
rCorr   .          Rampage  .   (no gloves)
Will    .....      NoTele   +   (no boots)
Stlth   ++........              (no amulet)
HPRegen 0.23/turn               (no ring)
MPRegen 0.12/turn               (no ring)

@: on berserk cooldown, hasted and slowed
A: sickness immunity, AC +8, negative energy resistance 1, electricity
resistance, torment resistance 1, petrification resistance
a: Renounce Religion, Berserk, Trog's Hand, Brothers in Arms


You were in the Dungeon.
You worshipped Trog.
Trog was exalted by your worship.
You visited 1 branch You collected 3147 gold pieces.
You spent 52 gold pieces at shops.

Inventory:

Hand Weapons
 a - the +3 dire flail of Trog (weapon) {vorpal, rN+}
   (Trog gifted it to you in the Dungeon)

   It inflicts extra damage upon your enemies.
   rN:        It protects you from negative energy.
Missiles
 m - 4 javelins (quivered)
Armour
 b - a +0 chain mail (worn)
Scrolls
 h - a scroll of blinking
 i - 5 scrolls of identify
 j - 2 scrolls of holy word
Potions
 c - 2 potions of curing
 f - 2 potions of magic
 g - 2 potions of berserk rage
 k - 4 potions of flight
 l - 5 potions of mutation
Miscellaneous
 d - a condenser vane


   Skills:
 + Level 16.1 Fighting
 + Level 16.5 Maces & Flails
 + Level 11.1 Armour
 + Level 8.5 Dodging
 + Level 11.6 Stealth
 + Level 2.3 Evocations


You had 10 spell levels left.
You didn't know any spells.
Your spell library was empty.

Dungeon Overview and Level Annotations

Branches:
Dungeon (1/1)

Altars:
Cheibriados
Dithmenos
Elyvilon
Fedhas
Gozag
Hepliaklqana
Kikubaaqudgha
Makhleb
Nemelex Xobeh
Okawaru
Qazlal
Ru
Sif Muna
Trog
Uskayaw
Vehumet
Wu Jian
Xom
Yredelemnul
Zin
The Shining One
Beogh
Jiyva
Lugonu

Shops:
D ?

Annotations:
D Donald


Innate Abilities, Weirdness & Mutations

You are immune to sickness and miasma.
Your stone body is resilient. (AC +8)
You are immune to poison.
You resist negative energy. (rN+)
You are resistant to electric shocks. (rElec)
You are resistant to unholy torment.
You are immune to petrification.


Message History

Your Fighting skill increases to level 16!
Your Armour skill increases to level 11!
Unknown command.
The eight-headed hydra barely misses you.
The eight-headed hydra closely misses you.
The eight-headed hydra bites you!
* * * LOW HITPOINT WARNING * * *
The eight-headed hydra bites you but does no damage. x3
The eight-headed hydra bites you!
* * * LOW HITPOINT WARNING * * *
The eight-headed hydra closely misses you.
You bludgeon the eight-headed hydra!!
The eight-headed hydra is moderately wounded.
You bludgeon the eight-headed hydra!!
The eight-headed hydra is severely wounded.
The eight-headed hydra bites you but does no damage.
The eight-headed hydra bites you!
* * * LOW HITPOINT WARNING * * *
The eight-headed hydra bites you but does no damage.
The eight-headed hydra closely misses you. x2
The eight-headed hydra bites you.
* * * LOW HITPOINT WARNING * * *
The eight-headed hydra misses you.
The eight-headed hydra bites you but does no damage.
Unknown command.
Press: ? - help, v - describe, . - travel
Here: an eight-headed hydra (severely wounded)
An open door, spattered with blood.
Unknown command.
You feel a strong urge to attack something.
You are no longer berserk.
You are exhausted.
You feel yourself slow down.
You feel yourself speed up.
You see here a +5 antimagic great mace.
The eight-headed hydra bites you.
* * * LOW HITPOINT WARNING * * *
The eight-headed hydra bites you but does no damage.
The eight-headed hydra bites you.
You die...

#÷.♣♣ ♣♣
###'♣♣♣♣♣♣♣♣♣♣♣♣♣♣
♣♣♣♣†##..##≈≈≈≈≈≈..
♣...##.##.#≈≈≈≈≈...
♣♣.##.##.##'S≈≈≈≈#
♣..#.##..D#≈≈.....
♣♣.##)##.)#≈..+###
♣♣.##.#####...#
♣..@D.# ...#
####### ####


You could see an eight-headed hydra.

Vanquished Creatures
  A hydra (D)
  Erolcha (D)
  Urug (D)
  A lindwurm (D)
  A deep elf pyromancer (D)
  2 cane toads (D)
  A komodo dragon (D)
  3 wandering mushrooms (D)
  A queen bee (D)
  2 tyrant leeches (D)
  A shadow (D)
  5 redbacks (D)
  A spatial vortex (D)
  6 orc warriors (D)
  A necrophage (D)
  5 two-headed ogres (D)
  A scorpion (D)
  A water elemental (D)
  32 killer bees (D)
  A jelly (D)
  4 orc priests (D)
  A wizard (D)
  2 orc wizards (D)
  A necromancer (D)
  3 humans (D)
  A kobold demonologist (D)
  6 orcs (D)
  An endoplasm (D)
  3 rats (D)
90 creatures vanquished.

Notes
Turn   | Place    | Note
-------+----------+-------------------------------------------
     0 | D        | mhtbhm the Gargoyle Berserker began the quest for the Orb.
     0 | D        | Reached XP level 1. HP: 14/14 MP: 1/1
    30 | D        | Reached ** piety under Trog
    63 | D        | Reached XP level 2. HP: 20/20 MP: 2/2
   199 | D        | Noticed a scorpion
   206 | D        | Killed a scorpion
   207 | D        | Reached skill level 5 in Maces & Flails
   207 | D        | Reached skill level 1 in Stealth
   207 | D        | Reached XP level 3. HP: 27/27 MP: 3/3
   207 | D        | Reached XP level 4. HP: 32/32 MP: 4/4
   273 | D        | Noticed a water elemental
   279 | D        | Killed a water elemental
   280 | D        | Reached XP level 5. HP: 38/38 MP: 5/5
   337 | D        | Found a basalt altar of Yredelemnul.
   337 | D        | Found a shadowy altar of Dithmenos.
   337 | D        | Found a sacrificial altar of Ru.
   337 | D        | Noticed a necrophage
   348 | D        | Killed a necrophage
   348 | D        | Reached *** piety under Trog
   363 | D        | Reached XP level 6. HP: 27/45 MP: 6/6
   493 | D        | Found a hide-covered altar of Uskayaw.
   493 | D        | Found an iron altar of Okawaru.
   493 | D        | Found a bloodstained altar of Trog.
   493 | D        | Found an ornate altar of the Wu Jian Council.
   493 | D        | Noticed a human
   494 | D        | Noticed a human
   498 | D        | Killed a human
   499 | D        | Reached skill level 5 in Armour
   503 | D        | Killed a human
   504 | D        | Reached skill level 10 in Fighting
   504 | D        | Reached skill level 10 in Maces & Flails
   504 | D        | Reached skill level 5 in Dodging
   504 | D        | Reached XP level 7. HP: 52/52 MP: 7/7
   549 | D        | Found a radiant altar of Vehumet.
   549 | D        | Found a shimmering blue altar of Sif Muna.
   549 | D        | Found an ancient bone altar of Kikubaaqudgha.
   551 | D        | Reached **** piety under Trog
   566 | D        | Found a glowing silver altar of Zin.
   566 | D        | Found a glowing golden altar of the Shining One.
   566 | D        | Found a white marble altar of Elyvilon.
   567 | D        | Noticed a deep elf pyromancer
   578 | D        | Killed a deep elf pyromancer
   579 | D        | Reached XP level 8. HP: 60/60 MP: 8/8
   676 | D        | Reached ***** piety under Trog
   741 | D        | Noticed a shadow
   743 | D        | Killed a shadow
   744 | D        | Reached skill level 5 in Stealth
   749 | D        | Found a blossoming altar of Fedhas.
   749 | D        | Found a stormy altar of Qazlal.
   749 | D        | Found a snail-covered altar of Cheibriados.
   749 | D        | Found a burning altar of Makhleb.
   749 | D        | Found a shimmering altar of Xom.
   750 | D        | Found a hazy altar of Hepliaklqana.
   750 | D        | Found an opulent altar of Gozag.
   750 | D        | Found a sparkling altar of Nemelex Xobeh.
   750 | D        | Found a corrupted altar of Lugonu.
   750 | D        | Found a viscous altar of Jiyva.
  1018 | D        | Noticed a two-headed ogre
  1031 | D        | Killed a two-headed ogre
  1031 | D        | Received a gift from Trog
  1032 | D        | Reached XP level 9. HP: 43/65 MP: 9/9
  1201 | D        | Noticed Erolcha
  1202 | D        | Noticed a two-headed ogre
  1208 | D        | Killed a two-headed ogre
  1213 | D        | Killed Erolcha
  1547 | D        | Found Wiarenua's Magic Scroll Boutique.
  1551 | D        | Reached skill level 1 in Evocations
  1552 | D        | Reached ****** piety under Trog
  1552 | D        | Received a gift from Trog
  1561 | D        | Reached skill level 10 in Stealth
  1561 | D        | Reached XP level 10. HP: 47/73 MP: 10/10
  1568 | D        | Identified the +3 dire flail of Trog {vorpal, rN+} (Trog
                  | gifted it to you in the Dungeon)
  1568 | D        | Received a gift from Trog
  1729 | D        | Bought a scroll of identify for 26 gold pieces
  1729 | D        | Bought a scroll of identify for 26 gold pieces
  1815 | D        | Received a gift from Trog
  1839 | D        | Received a gift from Trog
  1843 | D        | Reached skill level 15 in Maces & Flails
  1845 | D        | Received a gift from Trog
  2145 | D        | Received a gift from Trog
  2451 | D        | Noticed Donald
  2554 | D        | Noticed a cane toad
  2554 | D        | Noticed a cane toad
  2570 | D        | Killed a cane toad
  2572 | D        | Killed a cane toad
  2572 | D        | Received a gift from Trog
  2573 | D        | Reached skill level 15 in Fighting
  2573 | D        | Reached XP level 11. HP: 30/81 MP: 11/11
  3045 | D        | Noticed a lindwurm
  3049 | D        | Killed a lindwurm
  3050 | D        | Reached skill level 10 in Armour
  3052 | D        | Received a gift from Trog
  3062 | D        | Noticed Urug
  3071 | D        | Killed Urug
  3357 | D        | Noticed an eight-headed hydra
  3357 | D        | Noticed an eight-headed hydra
  3368 | D        | Killed an eight-headed hydra
  3384 | D        | Slain by an eight-headed hydra

Illustrated notes

Levels and vault maps discovered:
D:        dungeon_sprint_mu [sprint_mu_entry_cave, sprint_mu_temple_rooms,
          sprint_mu_d1_spiders, sprint_mu_d2_genie, sprint_mu_d3_branching,
          sprint_mu_orc_legion, sprint_mu_elf_gauntlet, sprint_mu_hive_nellie,
          sprint_mu_lair_fedhas, sprint_mu_vaults_butterflies,
          sprint_mu_slime_circle, sprint_mu_swamp_cave, sprint_mu_snake_twists,
          sprint_mu_blade_basic, sprint_mu_crypt_lich, sprint_mu_tomb_spiral,
          sprint_mu_vestibule_basic, sprint_mu_gehenna_hellfire,
          sprint_mu_dis_giant, sprint_mu_tartarus_statrot,
          sprint_mu_cocytus_islands, sprint_mu_zot1]

Skill      XL: |  1  2  3  4  5  6  7  8  9 10 11 |
---------------+----------------------------------+-----
Fighting       | 4 6 7 8 10 11 12 13 15 16 | 16.1
Maces & Flails | 4 5 6 8 10 11 12 14 15 16 | 16.5
Dodging        | 2 3 5 6 7 8 |  8.5
Armour         | 3 4 5 6 9 11 | 11.1
Stealth        | 1 2 3 4 7 10 11 | 11.6
Evocations     | 1 2 |  2.3

Action                   |  1- 3 |  4- 6 |  7- 9 | 10-12 || total
-------------------------+-------+-------+-------+-------++-------
Melee: Mace              |    24 |    34 |    53 |       ||   111
       Great mace        |       |       |    25 |     6 ||    31
       Dire flail        |       |       |       |   159 ||   159
Invok: Berserk           |     2 |     3 |     5 |     3 ||    13
Evoke: Condenser vane    |       |       |     3 |     3 ||     6
  Use: Potion            |       |       |     1 |     1 ||     2
       Scroll            |       |       |       |     1 ||     1
 Stab: Sleeping          |     1 |       |     4 |     1 ||     6
       Confused          |       |       |     6 |     4 ||    10
Armor: Animal skin       |     7 |     3 |    10 |       ||    20
       Chain mail        |       |       |       |    71 ||    71
Dodge: Dodged            |    13 |    11 |    30 |    89 ||   143

Table legend: (Time is in decaauts)
 A = Elapsed time spent in this place.
 B = Non-inter-level travel time spent in this place.
 C = Inter-level travel time spent in this place.
 D = Time resting spent in this place.
 E = Time spent auto-exploring this place.
 F = Levels seen in this place.
 G = Mean time per level.
                   A        B        C        D        E       F      G
               +--------+--------+--------+--------+--------+-----+--------+
         Total |   3414 |   3414 |      0 |   2647 |     24 |   1 | 3414.0 |
       Dungeon |   3414 |   3414 |      0 |   2647 |     24 |   1 | 3414.0 |
               +--------+--------+--------+--------+--------+-----+--------+

Top non-repeatable levels by time:
       D: 3414 daAuts
